| TOP OF THE 1ST |
|
Greenville Drive batting - Pitching for Quad Cities River Bandits : RHP Manny Bonilla
|
|
Pitching: RHP Manny Bonilla
|
|
|
Batting: RHB David Norum
|
0-0: Called Strike 0-1: Called Strike 0-2: Ball 1-2: Strikes out swinging
|
|
Batting: LHB Sergio Tinoco
|
0-0: Ball 1-0: Ball 2-0: Fly out, F5 (Popup, 15, EV 87.5 MPH)
|
|
Batting: RHB Dan Friess
|
0-0: Ball 1-0: Called Strike 1-1: Called Strike 1-2: Strikes out swinging
|
| Top of the 1st over - 0 runs, 0 hits, 0 errors, 0 left on base; Greenville 0 - Quad Cities 0 |
| BOTTOM OF THE 1ST |
|
Quad Cities River Bandits batting - Pitching for Greenville Drive : LHP Datu Callanta
|
|
Pitching: LHP Datu Callanta
|
|
|
Batting: RHB Joe Cook
|
0-0: Foul Ball, location: 2F 0-1: Ground out 3-1 (Groundball, 34S, EV 83.1 MPH)
|
|
Batting: RHB Colin Cranford
|
0-0: Called Strike 0-1: Ball 1-1: Ball 2-1: Called Strike 2-2: Strikes out swinging
|
|
Batting: LHB Doug Anderson
|
0-0: SINGLE (Groundball, 34D, EV 97.5 MPH)
|
|
Batting: RHB Pete Isley
|
0-0: Called Strike 0-1: Swinging Strike 0-2: Ground out 4-3 (Groundball, 4M, EV 108.1 MPH)
|
| Bottom of the 1st over - 0 runs, 1 hit, 0 errors, 1 left on base; Greenville 0 - Quad Cities 0 |
| TOP OF THE 2ND |
|
Greenville Drive batting - Pitching for Quad Cities River Bandits : RHP Manny Bonilla
|
|
Batting: RHB Devon Fourcade
|
0-0: Ball 1-0: DOUBLE (Groundball, 5L, EV 104.4 MPH)
|
|
Batting: RHB David Clark
|
0-0: Called Strike 0-1: Ball 1-1: Foul Ball, location: 2F 1-2: Ball 2-2: Ball 3-2: Base on Balls
|
|
Batting: RHB Larry Brocato
|
0-0: Called Strike 0-1: Foul Ball, location: 2F 0-2: Fielders Choice at 2nd, 4-6 (Groundball, 34D, EV 85.0 MPH) Devon Fourcade to third
|
|
Batting: RHB John Chiesa
|
0-0: Called Strike Larry Brocato steals 2nd base 0-1: Ground out 6-3 (Groundball, 6, EV 86.9 MPH) Devon Fourcade scores Larry Brocato to third
|
|
Batting: RHB Adugna Chandu
|
0-0: Called Strike 0-1: Ball 1-1: Ball 2-1: Foul Ball, location: 2F 2-2: Ground out 4-3 (Groundball, 4, EV 78.8 MPH)
|
| Top of the 2nd over - 1 run, 1 hit, 0 errors, 1 left on base; Greenville 1 - Quad Cities 0 |
| BOTTOM OF THE 2ND |
|
Quad Cities River Bandits batting - Pitching for Greenville Drive : LHP Datu Callanta
|
|
Batting: SHB Paskar Adegoke
|
0-0: Called Strike 0-1: Ball 1-1: Ball 2-1: Fly out, F8 (Flyball, 8LD, EV 103.1 MPH)
|
|
Batting: RHB Steve Moore
|
0-0: Ball 1-0: Fly out, F9 (Flyball, 9, EV 88.8 MPH)
|
|
Batting: LHB Dylan LaRose
|
0-0: Called Strike 0-1: Hit by Pitch
|
|
Batting: LHB Kelvin Jones
|
0-0: Ball 1-0: Swinging Strike 1-1: Called Strike Dylan LaRose steals 2nd, throwing error, E2 Dylan LaRose to third 1-2: Ball 2-2: Ball 3-2: Strikes out swinging
|
| Bottom of the 2nd over - 0 runs, 0 hits, 1 error, 1 left on base; Greenville 1 - Quad Cities 0 |
| TOP OF THE 3RD |
|
Greenville Drive batting - Pitching for Quad Cities River Bandits : RHP Manny Bonilla
|
|
Batting: RHB Mike Cavagnaro
|
0-0: Ball 1-0: SINGLE (Line Drive, 5D, EV 110.0 MPH)
|
|
Batting: RHB David Norum
|
0-0: Grounds into double play, 4-6-3 (Groundball, 4M, EV 79.4 MPH)
|
|
Batting: LHB Sergio Tinoco
|
0-0: Called Strike 0-1: Ball 1-1: Ball 2-1: Foul Ball, location: 2F 2-2: Strikes out swinging
|
| Top of the 3rd over - 0 runs, 1 hit, 0 errors, 0 left on base; Greenville 1 - Quad Cities 0 |
| BOTTOM OF THE 3RD |
|
Quad Cities River Bandits batting - Pitching for Greenville Drive : LHP Datu Callanta
|
|
Batting: RHB Ben Glavich
|
0-0: Foul Ball, location: 2F 0-1: Swinging Strike 0-2: Ball 1-2: Ball 2-2: Strikes out looking
|
|
Batting: RHB Joe Cook
|
0-0: Fly out, F7 (Flyball, 78S, EV 87.5 MPH)
|
|
Batting: RHB Colin Cranford
|
0-0: Called Strike 0-1: Ball 1-1: Ball 2-1: Reached via error on a dropped throw from 1B, E1 (Groundball, 34S, EV 68.1 MPH)
|
|
Batting: LHB Doug Anderson
|
0-0: Ball 1-0: Called Strike 1-1: Called Strike 1-2: Fly out, F7 (Flyball, 78M, EV 88.8 MPH)
|
| Bottom of the 3rd over - 0 runs, 0 hits, 1 error, 1 left on base; Greenville 1 - Quad Cities 0 |
| TOP OF THE 4TH |
|
Greenville Drive batting - Pitching for Quad Cities River Bandits : RHP Manny Bonilla
|
|
Batting: RHB Dan Friess
|
0-0: Ball 1-0: Ball 2-0: Foul Ball, location: 2F 2-1: Swinging Strike 2-2: Ball 3-2: Ground out 1-3 (Groundball, 13S, EV 66.9 MPH)
|
|
Batting: RHB Devon Fourcade
|
0-0: Ball 1-0: Ball 2-0: SOLO HOME RUN (Flyball, 7D, EV 100.0 MPH), Distance : 391 ft
|
|
Batting: RHB David Clark
|
0-0: Called Strike 0-1: TRIPLE (Line Drive, 78XD, EV 113.8 MPH)
|
|
Batting: RHB Larry Brocato
|
0-0: Called Strike 0-1: Ball 1-1: Ground out 6-3 (Groundball, 6, EV 80.6 MPH) David Clark scores
|
|
Batting: RHB John Chiesa
|
0-0: Fly out, F8 (Flyball, 8LXD, EV 95.0 MPH)
|
| Top of the 4th over - 2 runs, 2 hits, 0 errors, 0 left on base; Greenville 3 - Quad Cities 0 |
| BOTTOM OF THE 4TH |
|
Quad Cities River Bandits batting - Pitching for Greenville Drive : LHP Datu Callanta
|
|
Batting: RHB Pete Isley
|
0-0: Called Strike 0-1: Ball 1-1: Hit by Pitch
|
|
Batting: SHB Paskar Adegoke
|
0-0: Called Strike 0-1: Ball 1-1: Foul Ball, location: 2F 1-2: Fly out, F3 (Popup, 3S, EV 71.3 MPH)
|
|
Batting: RHB Steve Moore
|
0-0: Called Strike 0-1: Foul Ball, location: 2F 0-2: Ball 1-2: Strikes out swinging
|
|
Batting: LHB Dylan LaRose
|
0-0: Swinging Strike 0-1: Foul Ball, location: 2F 0-2: Ground out 6-3 (Groundball, 56D, EV 103.8 MPH)
|
| Bottom of the 4th over - 0 runs, 0 hits, 0 errors, 1 left on base; Greenville 3 - Quad Cities 0 |
| TOP OF THE 5TH |
|
Greenville Drive batting - Pitching for Quad Cities River Bandits : RHP Manny Bonilla
|
|
Batting: RHB Adugna Chandu
|
0-0: Ball 1-0: Called Strike 1-1: Ball 2-1: Fly out, F7 (Flyball, 7, EV 73.8 MPH)
|
|
Batting: RHB Mike Cavagnaro
|
0-0: DOUBLE (Line Drive, 78D, EV 113.1 MPH)
|
|
Batting: RHB David Norum
|
0-0: Ball 1-0: SINGLE (Groundball, 6D, EV 98.1 MPH) Mike Cavagnaro to third
|
|
Batting: LHB Sergio Tinoco
|
0-0: Ball 1-0: Ball 2-0: Foul Ball, location: 2F 2-1: Ball 3-1: Fly out, F8 (Flyball, 78D, EV 100.0 MPH) Runner from 3rd tags up, OUT at HOME! 8-2
|
| Top of the 5th over - 0 runs, 2 hits, 0 errors, 1 left on base; Greenville 3 - Quad Cities 0 |
| BOTTOM OF THE 5TH |
|
Quad Cities River Bandits batting - Pitching for Greenville Drive : LHP Datu Callanta
|
|
Batting: LHB Kelvin Jones
|
0-0: Ball 1-0: Ball 2-0: Called Strike 2-1: Foul Ball, location: 2F 2-2: Strikes out looking
|
|
Batting: RHB Ben Glavich
|
0-0: Ground out 5-3 (Groundball, 5, EV 103.8 MPH)
|
|
Batting: RHB Joe Cook
|
0-0: Ball 1-0: Ball 2-0: Foul Ball, location: 2F 2-1: Ball 3-1: Base on Balls
|
|
Batting: RHB Colin Cranford
|
0-0: Called Strike 0-1: Swinging Strike 0-2: Ball 1-2: Strikes out looking
|
| Bottom of the 5th over - 0 runs, 0 hits, 0 errors, 1 left on base; Greenville 3 - Quad Cities 0 |
| TOP OF THE 6TH |
|
Greenville Drive batting - Pitching for Quad Cities River Bandits : RHP Manny Bonilla
|
|
Batting: RHB Dan Friess
|
0-0: Ball 1-0: Called Strike 1-1: Ball 2-1: Ball 3-1: Called Strike 3-2: Base on Balls
|
|
Batting: RHB Devon Fourcade
|
0-0: Called Strike 0-1: Grounds into double play, 6-4-3 (Groundball, 6, EV 83.8 MPH)
|
|
Batting: RHB David Clark
|
0-0: Foul Ball, location: 2F 0-1: Ball 1-1: Ball 2-1: Foul Ball, location: 2F 2-2: Ground out 3-1 (Groundball, 34S, EV 83.1 MPH)
|
| Top of the 6th over - 0 runs, 0 hits, 0 errors, 0 left on base; Greenville 3 - Quad Cities 0 |
| BOTTOM OF THE 6TH |
|
Quad Cities River Bandits batting - Pitching for Greenville Drive : LHP Datu Callanta
|
|
Batting: LHB Doug Anderson
|
0-0: Called Strike 0-1: Fly out, F9 (Flyball, 9S, EV 95.6 MPH)
|
|
Batting: RHB Pete Isley
|
0-0: Called Strike 0-1: Ball 1-1: Ball 2-1: SOLO HOME RUN (Flyball, 7D, EV 100.6 MPH), Distance : 382 ft
|
|
Batting: SHB Paskar Adegoke
|
0-0: Ball 1-0: Called Strike 1-1: Foul Ball, location: 2F 1-2: Ball 2-2: Ground out 4-3 (Groundball, 4, EV 85.6 MPH)
|
|
Batting: RHB Steve Moore
|
0-0: Ball 1-0: Ball 2-0: Foul Ball, location: 2F 2-1: Swinging Strike 2-2: Ground out 4-3 (Groundball, 4M, EV 100.0 MPH)
|
| Bottom of the 6th over - 1 run, 1 hit, 0 errors, 0 left on base; Greenville 3 - Quad Cities 1 |
| TOP OF THE 7TH |
|
Greenville Drive batting - Pitching for Quad Cities River Bandits : RHP Manny Bonilla
|
|
Batting: RHB Larry Brocato
|
0-0: Called Strike 0-1: Ball 1-1: Ball 2-1: Swinging Strike 2-2: Strikes out swinging
|
|
Batting: RHB John Chiesa
|
0-0: Ball 1-0: Ball 2-0: Ball 3-0: Called Strike 3-1: Base on Balls
|
|
Batting: RHB Adugna Chandu
|
0-0: Ball 1-0: Ball John Chiesa steals 2nd base 2-0: Ball 3-0: Base on Balls
|
|
Batting: RHB Mike Cavagnaro
|
0-0: Ball John Chiesa steals 3rd base 1-0: Ball 2-0: Ball 3-0: Fly out, F8 (Flyball, 78S, EV 92.5 MPH) Runner from 3rd tags up, SCORES, throw by CF
|
|
Batting: RHB David Norum
|
0-0: Called Strike 0-1: Foul Ball, location: 2F 0-2: Strikes out looking
|
| Top of the 7th over - 1 run, 0 hits, 0 errors, 1 left on base; Greenville 4 - Quad Cities 1 |
| BOTTOM OF THE 7TH |
|
Quad Cities River Bandits batting - Pitching for Greenville Drive : LHP Datu Callanta
|
|
Batting: LHB Dylan LaRose
|
0-0: Called Strike 0-1: Called Strike 0-2: Foul Ball, location: 2F 0-2: Ground out 4-3 (Groundball, 34D, EV 101.9 MPH)
|
|
Batting: LHB Kelvin Jones
|
0-0: Ball 1-0: Swinging Strike 1-1: Called Strike 1-2: Ball 2-2: Foul Ball, location: 2F 2-2: Strikes out swinging
|
|
Batting: RHB Ben Glavich
|
0-0: Ball 1-0: Ball 2-0: Foul Ball, location: 2F 2-1: Ball 3-1: Swinging Strike 3-2: Foul Ball, location: 2F 3-2: Foul Ball, location: 2F 3-2: Strikes out swinging
|
| Bottom of the 7th over - 0 runs, 0 hits, 0 errors, 0 left on base; Greenville 4 - Quad Cities 1 |
| TOP OF THE 8TH |
|
Greenville Drive batting - Pitching for Quad Cities River Bandits : RHP Manny Bonilla
|
|
Batting: LHB Sergio Tinoco
|
0-0: Ball 1-0: Foul Ball, location: 2F 1-1: Ball 2-1: Ground out U3 (Groundball, 3, EV 109.4 MPH)
|
|
Batting: RHB Dan Friess
|
0-0: Ball 1-0: Called Strike 1-1: Ball 2-1: Ball 3-1: Ground out 6-3 (Groundball, 6, EV 108.8 MPH)
|
|
Batting: RHB Devon Fourcade
|
0-0: Foul Ball, location: 2F 0-1: SOLO HOME RUN (Flyball, 7D, EV 100.0 MPH), Distance : 384 ft
|
|
Batting: RHB David Clark
|
0-0: Foul Ball, location: 2F 0-1: Ball 1-1: Ball 2-1: Ground out 6-3 (Groundball, 6, EV 83.8 MPH)
|
| Top of the 8th over - 1 run, 1 hit, 0 errors, 0 left on base; Greenville 5 - Quad Cities 1 |
| BOTTOM OF THE 8TH |
|
Quad Cities River Bandits batting - Pitching for Greenville Drive : LHP Datu Callanta
|
|
Pitching: RHP Tyler Carriger
|
|
|
Batting: RHB Joe Cook
|
0-0: Ball 1-0: Ground out 6-3 (Groundball, 6, EV 84.4 MPH)
|
|
Batting: RHB Colin Cranford
|
0-0: Called Strike 0-1: Ball 1-1: Swinging Strike 1-2: Fly out, F8 (Flyball, 8LD, EV 98.8 MPH)
|
|
Batting: LHB Doug Anderson
|
0-0: Called Strike 0-1: Ball 1-1: Called Strike 1-2: Strikes out swinging
|
| Bottom of the 8th over - 0 runs, 0 hits, 0 errors, 0 left on base; Greenville 5 - Quad Cities 1 |
| TOP OF THE 9TH |
|
Greenville Drive batting - Pitching for Quad Cities River Bandits : RHP Manny Bonilla
|
|
Pitching: RHP Justin Coney
|
|
|
Batting: RHB Larry Brocato
|
0-0: SINGLE (Line Drive, 9LS, EV 95.0 MPH)
|
|
Batting: RHB John Chiesa
|
0-0: Called Strike Larry Brocato steals 2nd base (no throw) 0-1: Bunt missed! 0-2: Fly out, F8 (Flyball, 8LD, EV 84.4 MPH)
|
|
Batting: RHB Adugna Chandu
|
0-0: Ball 1-0: Swinging Strike 1-1: Ground out 6-3 (Groundball, 6, EV 87.5 MPH) Larry Brocato to third
|
|
Batting: RHB Mike Cavagnaro
|
0-0: Foul Ball, location: 2F 0-1: Foul Ball, location: 2F 0-2: DOUBLE (Line Drive, 78D, EV 103.1 MPH) Larry Brocato scores
|
|
Batting: RHB David Norum
|
0-0: Called Strike 0-1: SINGLE (Groundball, 34D, EV 102.5 MPH) Mike Cavagnaro to third Runner from 3rd tries for Home, SAFE, throw by RF to home
|
|
Batting: LHB Sergio Tinoco
|
0-0: Ball 1-0: Ball 2-0: Ball 3-0: Base on Balls David Norum to second
|
|
Batting: RHB Dan Friess
|
0-0: Ball 1-0: Ball 2-0: Ball 3-0: Base on Balls David Norum to third Sergio Tinoco to second
|
|
Pitching: RHP Joe Rivin
|
|
|
Batting: RHB Devon Fourcade
|
0-0: Ball 1-0: Fly out, F8 (Line Drive, 8LD, EV 90.0 MPH)
|
| Top of the 9th over - 2 runs, 3 hits, 0 errors, 3 left on base; Greenville 7 - Quad Cities 1 |
| BOTTOM OF THE 9TH |
|
Quad Cities River Bandits batting - Pitching for Greenville Drive : RHP Tyler Carriger
|
|
Batting: RHB Pete Isley
|
0-0: Ball 1-0: Ball 2-0: Called Strike 2-1: Foul Ball, location: 2F 2-2: Ground out 4-3 (Groundball, 4, EV 81.9 MPH)
|
|
Batting: SHB Paskar Adegoke
|
0-0: Foul Ball, location: 2F 0-1: Foul Ball, location: 2F 0-2: Strikes out looking
|
|
Batting: RHB Steve Moore
|
0-0: Ball 1-0: Ball 2-0: Ball 3-0: Called Strike 3-1: Base on Balls
|
|
Batting: LHB Dylan LaRose
|
0-0: Ball 1-0: Ball 2-0: SINGLE (Groundball, 6M, EV 94.4 MPH) Steve Moore to second
|
|
Batting: LHB Kelvin Jones
|
0-0: Called Strike 0-1: Foul Ball, location: 2F 0-2: Ball Wild Pitch! Steve Moore to third Dylan LaRose to second 1-2: Ground out 6-3 (Groundball, P, EV 90.0 MPH)
|
| Bottom of the 9th over - 0 runs, 1 hit, 0 errors, 2 left on base; Greenville 7 - Quad Cities 1 |
|